 Dungeon Crawl Stone Soup version 0.17-a0-2027-gcac42c4 (webtiles) character file.

5392 hexophile the Grappler (level 10, -5/153 HPs)
             Began as a Troll Berserker on Oct 11, 2015.
             Was an Elder of Trog.
             Slain by a wolf (8 damage)
             ... led by Grum
             ... on level 9 of the Dungeon.
             The game lasted 00:10:13 (5980 turns).

hexophile the Grappler (Troll Berserker)            Turns: 5980, Time: 00:10:13

Health: -5/153     AC:  5    Str: 32    XL:     10   Next: 39%
Magic:  9/9        EV: 10    Int:  3    God:    Trog [****..]
Gold:   302        SH:  0    Dex: 12    Spells: 0 memorised, 9 levels left

rFire  . . .     SeeInvis +       - Unarmed
rCold  . . .     Clarity  +     a - +0 animal skin
rNeg   + . .     SustAt   .     (no shield)
rPois  .         Gourm    +     (helmet restricted)
rElec  .         Spirit   .     (no cloak)
rCorr  .         Warding  .     (gloves unavailable)
rMut   .         Stasis   .     (boots unavailable)
MR     +++++                    z - amulet of the Four Winds {Clar rN+ MR+++}
Stlth  ..........               w - ring of see invisible {SInv}
                                y - ring of loudness (curse) {Stlth-}

@: berserking, lethally poisoned (-5 -> -5), regenerating, very quick, almost
entirely resistant to hostile enchantments, extremely unstealthy
A: unfitting armour, claws 3, clarity, fast metabolism 3, gourmand, regeneration
2, shaggy fur 1, tough skin 2
a: Burn Spellbooks, Berserk, Trog's Hand, Brothers in Arms, Renounce Religion


You were on level 9 of the Dungeon.
You worshipped Trog.
Trog was greatly pleased with you.
You were very hungry.

You visited 1 branch of the dungeon, and saw 9 of its levels.

You collected 558 gold pieces.
You spent 256 gold pieces at shops.


Innate Abilities, Weirdness & Mutations

You are too large for most types of armour.
You have claws for hands.
Your metabolism is lightning-fast.
You like to eat raw meat.
You heal very quickly.
You are covered in fur (AC +1).
You have very tough skin (AC +2).
You possess an exceptional clarity of mind.

Inventory:

Hand Weapons
 C - the +2 mace "Zuimok" {holy, Int+3}
   (You found it on level 6 of the Dungeon)

   It has been blessed by the Shining One to cause great damage to the undead
   and demons.
   It affects your intelligence (+3).
Missiles
 b - 3 curare-tipped needles
 j - 52 poisoned needles
Armour
 a - a +0 animal skin (worn)
 e - the +1 cloak "Onaokoas" {rC- MR++ Slay+2}
   (You bought it in a shop on level 5 of the Dungeon)

   It affects your accuracy and damage with ranged weapons and melee attacks
   (+2).
   It makes you vulnerable to cold.
   It affects your resistance to hostile enchantments.
Jewellery
 u - an uncursed ring of positive energy {rN+}
 w - a ring of see invisible (right claw) {SInv}
 y - a cursed ring of loudness (left claw) {Stlth-}
 z - the amulet of the Four Winds (around neck) {Clar rN+ MR+++}
   (You found it on level 5 of the Dungeon)

   [amulet of clarity]

   It provides mental clarity.
   It protects you from negative energy.
   It affects your resistance to hostile enchantments.
Wands
 c - a wand of draining (0)
 g - a wand of lightning (7)
 o - a wand of cold (7)
 E - a wand of flame (27)
 G - a wand of cold (12)
 M - a wand of random effects (29)
Scrolls
 f - 3 scrolls of identify
 i - a scroll of immolation {unknown}
 k - 2 scrolls of fear {unknown}
 p - 3 scrolls of enchant weapon {unknown}
 q - 3 scrolls of recharging {unknown}
 s - 2 scrolls of blinking {unknown}
 v - 3 scrolls of remove curse {unknown}
 A - a scroll of amnesia {unknown}
 H - a scroll of silence {unknown}
 J - a scroll of noise {unknown}
Potions
 h - a potion of flight
 l - a potion of cancellation
 m - 5 potions of curing {unknown}
 n - 4 potions of resistance {unknown}
 r - a potion of poison {unknown}
 t - 2 potions of degeneration {unknown}
 x - 3 potions of agility {unknown}
 D - 3 potions of lignification
 F - a potion of magic {unknown}
 I - a potion of cure mutation {unknown}
 L - a potion of brilliance {unknown}
Books
 B - Sitezes's Disquisition on Arcane Weapons and Evil Rituals
   (You found it on level 6 of the Dungeon)

   Spells                             Type                      Level
   a - Flame Tongue                   Conjuration/Fire             1
   b - Throw Flame                    Conjuration/Fire             2
   c - Regeneration                   Charms/Necromancy            3
   d - Bolt of Draining               Conjuration/Necromancy       5
   e - Death Channel                  Necromancy                   6
   Trog disapproves of the use of such an item.
 K - a book of Burglary

   Spells                             Type                      Level
   a - Swiftness                      Charms/Air                   2
   b - Passwall                       Transmutation/Earth          3
   c - Passage of Golubria            Translocation                4
   d - Lee's Rapid Deconstruction     Earth                        5
   e - Darkness                       Hexes                        6
   f - Invisibility                   Hexes                        6
   Trog disapproves of the use of such an item.
Comestibles
 d - 4 meat rations


You had 9 spell levels left.
You didn't know any spells.


   Skills:
 + Level 7.6 Fighting
 - Level 2.4 Dodging
 - Level 13.0 Unarmed Combat

Dungeon Overview and Level Annotations

Branches:
Dungeon (9/15)             Temple (0/1) D:6
   Lair: D:8-11         Orc: D:9-12

Altars:
Nemelex Xobeh
Ru
Sif Muna
Trog
Zin

Shops:
D:5 [

Vault maps used:
D:1:      evilmike_arrival_hilbert_curve, grunt_decor_one_mirror,
          serial_bayou_pond_d, feat_on_display
D:2:      first_bread, minivault_25, uniq_jessica
D:3:      uniq_terence, uniq_robin, uniq_sigmund
D:4:      st_stairs_7, uniq_natasha
D:5:      old_forge, serial_shops, shop, hangedman_decor_riveting, nemelex_deck
D:6:      nicolae_whirlpool, minmay_temple_entry_statues_fountains,
          uniq_duvessa, uniq_edmund, uniq_pikel, uniq_crazy_yiuf_cottage,
          uniq_eustachio
D:7:      uniq_joseph
D:9:      gammafunk_temple_overflow_claw, basic_altar, the_bakery,
          uniq_gastronok, uniq_grum
You       could see a wolf.


Message History

Found a scroll of identify.
Things that are here:
a dagger; a scale mail; an elf corpse You mangle Grum!!
Grum is heavily wounded.
The centaur hits you.
* * * LOW HITPOINT WARNING * * *
Unknown command.
Use which ability?
A red film seems to cover your vision as you go berserk!
You feel yourself moving faster!
You feel mighty!
You feel somewhat more hungry.
You feel sick. The wolf bites you.
* * * LOW HITPOINT WARNING * * *
The centaur hits you!
* * * LOW HITPOINT WARNING * * *
Grum hits you but does no damage. The wolf barely misses you.
The centaur hits you.
* * * LOW HITPOINT WARNING * * *
You closely miss Grum.
Grum is heavily wounded.
The wolf bites you.
* * * LOW HITPOINT WARNING * * *
Unknown command.
You mangle Grum!!
You kill Grum!
Trog accepts your kill.
The centaur hits you but does no damage.
Unknown command.
You are feeling very hungry.
You claw the centaur!
The centaur is severely wounded.
The wolf bites you!
* * * LOW HITPOINT WARNING * * *
Unknown command.
You barely miss the centaur. Your claw misses the centaur.
The centaur is severely wounded.
You feel sick. The wolf bites you.
* * * LOW HITPOINT WARNING * * *
The centaur hits you.
* * * LOW HITPOINT WARNING * * *
You completely miss the centaur. You claw the centaur!
You feel the power of Trog in you as your rage grows.
You kill the centaur!
Trog accepts your kill. The wolf bites you.
* * * LOW HITPOINT WARNING * * *
You closely miss the wolf. The wolf closely misses you.
Unknown command.
You completely miss the wolf. The wolf bites you!
You die...

Action                   |  1- 3 |  4- 6 |  7- 9 | 10-12 || total
-------------------------+-------+-------+-------+-------++-------
Melee: Unarmed           |    90 |    93 |   253 |    84 ||   520
Invok: Trog's Hand       |     1 |     4 |     9 |     2 ||    16
       Berserk           |     1 |     4 |     7 |     1 ||    13
  Use: Potion            |       |     4 |     2 |       ||     6
       Scroll            |       |       |     2 |       ||     2
 Stab: Sleeping          |     1 |       |       |       ||     1
  Eat: Chunk             |     9 |     9 |    16 |     1 ||    35
       Bread ration      |       |     2 |     1 |     1 ||     4
       Fruit             |       |       |     7 |       ||     7
       Royal jelly       |       |       |     1 |       ||     1
       Meat ration       |       |       |     1 |       ||     1

Notes
Turn   | Place    | Note
--------------------------------------------------------------
     0 | D:1      | hexophile the Troll Berserker began the quest for the Orb.
     0 | D:1      | Reached XP level 1. HP: 22/22 MP: 0/0
    85 | D:1      | Reached XP level 2. HP: 29/29 MP: 1/1
   167 | D:1      | Reached skill level 4 in Unarmed Combat
   549 | D:1      | Reached XP level 3. HP: 36/36 MP: 2/2
   887 | D:2      | Acquired Trog's second power
  1061 | D:2      | Noticed Jessica
  1073 | D:2      | Killed Jessica
  1073 | D:2      | Reached skill level 5 in Unarmed Combat
  1073 | D:2      | Reached XP level 4. HP: 20/44 MP: 3/3
  1708 | D:3      | Noticed Terence
  1713 | D:3      | Killed Terence
  1716 | D:3      | Reached XP level 5. HP: 50/50 MP: 4/4
  1717 | D:3      | Noticed Duffy's ghost (amateur NaMo)
  1734 | D:3      | Killed Duffy's ghost
  1734 | D:3      | Reached skill level 6 in Unarmed Combat
  1818 | D:3      | Noticed Robin
  1834 | D:3      | Killed Robin
  1836 | D:3      | Reached XP level 6. HP: 59/59 MP: 5/5
  2185 | D:3      | Noticed Sigmund
  2207 | D:3      | Killed Sigmund
  2207 | D:3      | Reached skill level 7 in Unarmed Combat
  2315 | D:4      | Reached skill level 8 in Unarmed Combat
  2315 | D:4      | Reached XP level 7. HP: 66/66 MP: 6/6
  2573 | D:4      | Noticed Natasha
  2583 | D:4      | Killed Natasha
  2970 | D:5      | Entered Level 5 of the Dungeon
  2978 | D:5      | Noticed Duffy's ghost (novice NaEn)
  2995 | D:5      | Killed Duffy's ghost
  2995 | D:5      | Reached skill level 9 in Unarmed Combat
  2995 | D:5      | Reached XP level 8. HP: 74/74 MP: 7/7
  3059 | D:5      | Reached skill level 10 in Unarmed Combat
  3263 | D:5      | Reached skill level 11 in Unarmed Combat
  3424 | D:5      | Found a sparkling altar of Nemelex Xobeh.
  3446 | D:5      | Found Uthuipri's Antique Armour Shoppe.
  3452 | D:5      | Bought a crude cloak for 256 gold pieces
  3457 | D:5      | Identified the +1 cloak "Onaokoas" {rC- MR++ Slay+2} (You bought it in a shop on level 5 of the Dungeon)
  3830 | D:6      | Found a staircase to the Ecumenical Temple.
  3861 | D:6      | Noticed Pikel
  3870 | D:6      | Killed Pikel
  3870 | D:6      | Reached skill level 12 in Unarmed Combat
  3870 | D:6      | Reached XP level 9. HP: 80/80 MP: 8/8
  3910 | D:6      | Noticed Eustachio
  3916 | D:6      | Killed Eustachio
  3930 | D:6      | Noticed Crazy Yiuf
  3939 | D:6      | Killed Crazy Yiuf
  3950 | D:6      | Got a brightly glowing mace
  3952 | D:6      | Identified the +2 mace "Zuimok" {holy, Int+3} (You found it on level 6 of the Dungeon)
  4040 | D:6      | Noticed Duvessa
  4042 | D:6      | Noticed Dowan
  4047 | D:6      | Killed Duvessa
  4049 | D:6      | Killed Dowan
  4054 | D:6      | Identified Sitezes's Disquisition on Arcane Weapons and Evil Rituals
  4237 | D:6      | Reached skill level 13 in Unarmed Combat
  4412 | D:7      | Noticed Joseph
  4425 | D:7      | Gained mutation: You possess an exceptional clarity of mind. [potion of beneficial mutation]
  4431 | D:7      | Killed Joseph
  4431 | D:7      | Reached skill level 3 in Fighting
  4486 | D:7      | Reached skill level 4 in Fighting
  4769 | D:7      | Acquired Trog's third power
  4926 | D:7      | Reached skill level 5 in Fighting
  5512 | D:8      | Reached XP level 10. HP: 97/97 MP: 9/9
  5573 | D:9      | Reached skill level 6 in Fighting
  5648 | D:9      | Found a bloodstained altar of Trog.
  5903 | D:9      | Found a deep blue altar of Sif Muna.
  5903 | D:9      | Found a glowing silver altar of Zin.
  5904 | D:9      | Found a sacrificial altar of Ru.
  5950 | D:9      | Reached skill level 7 in Fighting
  5963 | D:9      | Noticed Grum
  5975 | D:9      | Killed Grum
  5977 | D:9      | HP: 4/153 [centaur (5)]
  5978 | D:9      | HP: 1/153 [wolf[Grum] (4)]
  5980 | D:9      | Slain by a wolf

Table legend:
 A = Turns spent in this place as a percentage of turns spent in the entire game.
 B = Non-inter-level travel turns spent in this place as a percentage of non-inter-level travel turns spent in the entire game.
 C = Inter-level travel turns spent in this place as a percentage of turns spent in this place.
 D = Turns resting spent in this place as a percentage of non-inter-level travel turns spent in this place.
 E = Turns spent auto-exploring this place as a percentage of non-inter-level travel turns spent in this place.
 F = Non-inter-level travel turns spent in this place divided by the number of levels of this place that you've seen.
                   A       B       C       D       E      F
               +-------+-------+-------+-------+-------+----------------------
         Total | 100.0 | 100.0 |   0.4 |   2.2 |  12.6 | 255.7
       Dungeon | 100.0 | 100.0 |   0.4 |   2.2 |  12.6 | 255.7
               +-------+-------+-------+-------+-------+----------------------

Table legend:
 A = Kills in this place as a percentage of kills in entire the game.
 B = Kills by you in this place as a percentage of kills by you in the entire game.
 C = Kills by friends in this place as a percentage of kills by friends in the entire game.
 D = Other kills in this place as a percentage of other kills in the entire game.
 E = Experience gained in this place as a percentage of experience gained in the entire game.
 F = Experience gained in this place divided by the number of levels of this place that you have seen.
                   A       B       C       D       E      F
               +-------+-------+-------+-------+-------+----------------------
         Total | 100.0 | 100.0 |  -nan |  -nan | 100.0 | 855.9
       Dungeon | 100.0 | 100.0 |  -nan |  -nan | 100.0 | 855.9
               +-------+-------+-------+-------+-------+----------------------

Vanquished Creatures
  Pikel (D:6)
  Joseph (D:7)
  The ghost of Duffy the Sneak, a novice NaEn of Dithmenos (D:5)
  Sigmund (D:3)
  A wolf (D:9)
  Eustachio (D:6)
  Grum (D:9)
  A deep elf mage (D:9)
  Duvessa (D:6)
  3 sky beasts
  A slave (D:6)
  A wasp (D:9)
  The ghost of Duffy the Ruffian, an amateur NaMo (D:3)
  4 ogres
  3 ice beasts
  2 centaurs
  A phantom (D:7)
  4 giant frogs
  Dowan (D:6)
  A wyvern zombie (D:9)
  8 scorpions
  3 killer bees (D:9)
  5 crimson imps
  4 hounds
  A giant frog zombie (D:5)
  3 centaur zombies
  2 giant frog skeletons
  4 jellies
  Crazy Yiuf (D:6)
  An orc priest (D:5)
  4 orc wizards
  Jessica (D:2)
  A centaur skeleton (D:9)
  Terence (D:3)
  5 worker ants
  Natasha (D:4)
  A hound skeleton (D:8)
  2 worker ant zombies
  Robin (D:3)
  12 adders
  3 gnolls (D:5)
  3 shadow imps
  2 oozes
  A worm (D:3)
  An adder zombie (D:9)
  2 giant geckos
  17 orcs
  A ball python (D:1)
  7 giant cockroaches
  20 goblins
  11 hobgoblins
  4 kobolds
  5 quokkas
  13 bats
  A giant gecko zombie (D:5)
  3 giant newts
  11 jackals
  A quokka zombie (D:8)
  6 rats
  A fungus (D:5)
205 creatures vanquished.

Vanquished Creatures (others)
  2 slaves (D:6)
  A hound skeleton (D:6)
  A kobold (D:6)
4 creatures vanquished.

Grand Total: 209 creatures vanquished
